WCHLSIM.com - West Coast Hockey League
html PUBLIC "-//W3C//DTD XHTML 1.0 Transitional//EN" "http://www.w3.org/TR/xhtml1/DTD/xhtml1-transitional.dtd"> WCHL - Game 950 - ANCHORAGE ACES vs LAS VEGAS LIZARD KINGS

ANCHORAGE ACES vs LAS VEGAS LIZARD KINGS

Created - 5 mars 2023 at 06:59

Goals
1 2 3 T
ANCHORAGE ACES 2 0 0 2
LAS VEGAS LIZARD KINGS 3 1 1 5
Shots
1 2 3 T
ANCHORAGE ACES 6 6 11 23
LAS VEGAS LIZARD KINGS 9 13 9 31

1st period

1. ANCHORAGE ACES , Nathan MacKinnon 36 (Chris Kreider 27) at 3:58
2. ANCHORAGE ACES , Nikolaj Ehlers 24 (Patric Hornqvist 22) at 4:17
3. LAS VEGAS LIZARD KINGS , Brandon Hagel 14 (Jeff Carter 24) at 4:52
4. LAS VEGAS LIZARD KINGS , Ryan Nugent-Hopkins 20 (Johnny Gaudreau 33) at 11:17
5. LAS VEGAS LIZARD KINGS , Sean Monahan 8 (Victor Olofsson 8) at 14:55

Penalties :
Ryan Pulock (ANC) for Holding (Minor) at 7:47

2nd period

6. LAS VEGAS LIZARD KINGS , Sean Monahan 9 (Matthew Nieto 9, Victor Olofsson 9) at 8:23

Penalties :
Ryan Pulock (ANC) for Hooking (Minor) at 12:42

3rd period

7. LAS VEGAS LIZARD KINGS , Nick Leddy 1 (Brandon Hagel 17, Jeff Carter 25) at 15:31

Penalties :
No Penalty

Goalie Stats

Brian Elliott (ANC), 10 saves from 14 shots - (0,714), L, 10-3-0, 28:23 minutes
Darcy Kuemper (ANC), 16 saves from 17 shots - (0,941), 31:37 minutes
Mikko Koskinen (LVG), 21 saves from 23 shots - (0,913), W, 16-16-6, 60:00 minutes

Players Stats for ANCHORAGE ACES

Player Name              G  A  P  +/- PIM S  H  SB GA TA FO     MP     PP MP  PK MP  
------------------------------------------------------------------------------------
Alex Goligoski           0  0  0  -2  0   0  2  2  0  0  0/0    18:54   0:00   2:10 
Andrew Ladd              0  0  0   0  0   0  0  0  0  0  0/0     4:38   0:00   0:00 
Chris Kreider            0  1  1   0  0   4  1  0  0  0  2/2    17:40   0:00   0:00 
Connor McDavid           0  0  0  -4  0   5  0  0  0  0  11/25  17:17   0:00   0:00 
Erik Haula               0  0  0   1  0   0  0  0  0  0  16/22  18:44   0:00   2:17 
Jack Johnson             0  0  0  -1  0   0  0  0  0  0  0/0     6:26   0:00   0:00 
Jakob Chychrun           0  0  0  -1  0   0  2  0  0  0  0/0    19:30   0:00   1:02 
Jani Hakanpaa            0  0  0   1  0   0  1  0  0  0  0/0    16:12   0:00   1:48 
John Klingberg           0  0  0   1  0   0  0  0  0  0  0/0    14:24   0:00   0:00 
Jonathan Audy-Marchessau 0  0  0  -4  0   5  0  0  0  0  0/0    17:17   0:00   0:00 
Joshua Norris            0  0  0   0  0   3  0  0  0  0  16/25  17:40   0:00   0:00 
Nathan MacKinnon         1  0  1   0  0   1  1  0  0  0  1/1    17:40   0:00   0:00 
Nikolaj Ehlers           1  0  1   1  0   2  0  1  0  0  0/0    16:44   0:00   0:17 
Patric Hornqvist         0  1  1   1  0   1  1  0  0  0  2/3    18:27   0:00   2:00 
Phillip Danault          0  0  0  -4  0   0  0  1  0  0  3/9    23:36   0:00   1:41 
Ryan Lomberg             0  0  0   0  0   1  3  0  0  0  0/1     6:19   0:00   1:41 
Ryan Pulock              0  0  0  -1  4   1  3  1  0  0  0/0    18:26   0:00   0:00 
Seth Jones               0  0  0  -3  0   0  1  0  0  0  0/0    26:06   0:00   2:56 

Players Stats for LAS VEGAS LIZARD KINGS

Player Name              G  A  P  +/- PIM S  H  SB GA TA FO     MP     PP MP  PK MP  
------------------------------------------------------------------------------------
Brandon Hagel            1  1  2   1  0   6  1  1  0  0  0/1    18:25   1:07   0:00 
Brayden McNabb           0  0  0   2  0   0  1  0  0  0  0/0    23:58   1:07   0:00 
Evan Rodrigues           0  0  0   1  0   1  2  0  0  0  1/3    21:57   2:17   0:00 
Jeff Carter              0  2  2   1  0   1  0  0  0  0  13/25  18:25   1:07   0:00 
John Marino              0  0  0   0  0   0  2  0  0  0  0/0    20:38   2:17   0:00 
Johnny Gaudreau          0  1  1   1  0   3  0  2  0  0  0/1    22:07   2:27   0:00 
Jordan Greenway          0  0  0   0  0   1  1  0  0  0  1/1     6:32   0:24   0:00 
Karson Kuhlman           0  0  0   0  0   0  0  0  0  0  0/0     6:08   0:00   0:00 
Matt Roy                 0  0  0   0  0   0  2  0  0  0  0/0    20:38   2:17   0:00 
Matthew Nieto            0  1  1   1  0   2  1  0  0  0  0/0    12:56   0:00   0:00 
Nathan Beaulieu          0  0  0   1  0   1  0  1  0  0  0/0    15:24   0:34   0:00 
Nick Leddy               1  0  1   2  0   1  0  0  0  0  0/0    23:58   1:07   0:00 
Ronald Attard            0  0  0   1  0   0  1  2  0  0  0/0    15:24   0:34   0:00 
Ryan Nugent-Hopkins      1  0  1   1  0   7  1  0  0  0  16/29  22:07   2:27   0:00 
Sean Monahan             2  0  2   1  0   4  0  0  0  0  6/19   13:20   0:24   0:00 
Victor Olofsson          0  2  2   1  0   0  0  0  0  0  0/1    13:30   0:34   0:00 
Vladislav Namestnikov    0  0  0   0  0   0  0  0  0  0  0/7     6:08   0:00   0:00 
Zach Parise              0  0  0   1  0   4  0  0  0  0  0/1    18:25   1:07   0:00 

3 Stars

1 - Sean Monahan (LVG)
2 - Brandon Hagel (LVG)
3 - Nick Leddy (LVG)

Power Play

ANCHORAGE ACES - 0 on 0 Attempt(s) - 0,00%
LAS VEGAS LIZARD KINGS - 0 on 2 Attempt(s) - 0,00%

Penalty Kill

ANCHORAGE ACES - 2 on 2 Attempt(s) - 100,00% - Score 0 goal in Penalty Kill
LAS VEGAS LIZARD KINGS - 0 on 0 Attempt(s) - 0,00% - Score 0 goal in Penalty Kill

Team Stat

ANCHORAGE ACES - Hits : 15 - Faceoff Wins : 51 - Blocked Shots : 5 - Penalty Minutes : 4
LAS VEGAS LIZARD KINGS - Hits : 12 - Faceoff Wins : 37 - Blocked Shots : 6 - Penalty Minutes : 0

Official

Referees : Eric Furlatt and Chris Lee
Linesman : Brent Colby and Mark Shewchyk

Game Notes

Darcy Kuemper enters game at 8:23 of 2nd period

Finance

Level 1 -- Attendance: 5006 (79,84%) -- Ticket Income 1 101 320 $
Level 2 -- Attendance: 4052 (64,11%) -- Ticket Income 607 800 $
Level 3 -- Attendance: 1904 (91,10%) -- Ticket Income 247 520 $
Level 4 -- Attendance: 3464 (80,19%) -- Ticket Income 346 400 $
Luxury Box -- Attendance: 858 (85,80%) -- Ticket Income 343 200 $
Game was played at the Casino Square Garden.
Total Attendance: 15284 (76,42%)
Total Ticket Income: 2 646 240 $
Other Expense: 26 462 $
Total Income: 2 619 778 $

ANCHORAGE ACES

5 vs 5 Forward 
   Center                   Left Wing                Right Wing               Time % Phy DF OF 
 1 Connor McDavid           Phillip Danault          Jonathan Audy-Marchessaul32     0   1  4  
 2 Joshua Norris            Chris Kreider            Nathan MacKinnon         32     0   1  4  
 3 Erik Haula               Nikolaj Ehlers           Patric Hornqvist         28     0   2  3  
 4 Phillip Danault          Ryan Lomberg             Andrew Ladd              8      1   2  2  

5 vs 5 Defense 
   Defense                  Defense                                           Time % Phy DF OF 
 1 Seth Jones               Alex Goligoski                                    34     1   2  2  
 2 Jakob Chychrun           Ryan Pulock                                       31     1   2  2  
 3 Jani Hakanpaa            John Klingberg                                    24     1   2  2  
 4 Seth Jones               Jack Johnson                                      11     1   2  2  

PowerPlay Forward 
   Center                   Left Wing                Right Wing               Time % Phy DF OF 
 1 Connor McDavid           Chris Kreider            Jonathan Audy-Marchessaul50     1   0  4  
 2 Joshua Norris            Nikolaj Ehlers           Nathan MacKinnon         50     0   0  5  

PowerPlay Defense
   Defense                  Defense                                           Time % Phy DF OF 
 1 Seth Jones               Jakob Chychrun                                    50     0   2  3  
 2 John Klingberg           Alex Goligoski                                    50     1   2  2  

Penalty Kill 4 Players Forward 
   Center                   Wing                     Time % Phy DF OF 
 1 Phillip Danault          Ryan Lomberg             50     1   2  2  
 2 Erik Haula               Patric Hornqvist         50     1   2  2  

Penalty Kill 4 Players Defense
   Defense                  Defense                  Time % Phy DF OF 
 1 Alex Goligoski           Seth Jones               50     1   2  2  
 2 Ryan Pulock              Jani Hakanpaa            50     1   2  2  

Penalty Kill - 3 Players Forward 
   Forward                                           Time % Phy DF OF 
 1 Phillip Danault                                   55     1   2  2  
 2 Erik Haula                                        45     1   2  2  

Penalty Kill - 3 Players Defense
   Defense                  Defense                  Time % Phy DF OF 
 1 Alex Goligoski           Seth Jones               55     1   2  2  
 2 Ryan Pulock              Jani Hakanpaa            45     1   2  2  

4 vs 4 Forward 
   Center                   Wing                     Time % Phy DF OF 
 1 Connor McDavid           Phillip Danault          50     1   2  2  
 2 Joshua Norris            Nathan MacKinnon         50     1   2  2  

4 vs 4 Defense
   Defense                  Defense                  Time % Phy DF OF 
 1 Seth Jones               Alex Goligoski           55     1   2  2  
 2 Ryan Pulock              John Klingberg           45     1   2  2  

Last Minutes Offensive
   Center                   Left Wing                Right Wing               Defense                  Defense                  
   Connor McDavid           Jonathan Audy-MarchessaulNathan MacKinnon         Seth Jones               Jakob Chychrun           

Last Minutes Defensive
   Center                   Left Wing                Right Wing               Defense                  Defense                  
   Connor McDavid           Phillip Danault          Jonathan Audy-MarchessaulSeth Jones               Alex Goligoski           

Goaltenders
Starting : Brian Elliott            
Backup : Darcy Kuemper            

Extra Forwards
Normal : Nikolaj Ehlers, Nathan MacKinnon, Connor McDavid - PP : Chris Kreider, Jonathan Audy-Marchessault - PK : Nikolaj Ehlers
Extra Defensemen
Normal : Ryan Pulock, Seth Jones, Alex Goligoski - PP : Jakob Chychrun - PK : Jani Hakanpaa, Seth Jones
Penalty Shots
Connor McDavid, Nathan MacKinnon, Chris Kreider, Jonathan Audy-Marchessault, Joshua Norris
Custom OT Lines Forwards
Nathan MacKinnon, Chris Kreider, Connor McDavid, Jonathan Audy-Marchessault, Joshua Norris, Nikolaj Ehlers, Phillip Danault, Erik Haula, Patric Hornqvist, Ryan Lomberg
Custom OT Lines Defensemen
Seth Jones, Jakob Chychrun, John Klingberg, Alex Goligoski, Ryan Pulock

Scratches
Ben Chiarot (Left Forearm Injury)

LAS VEGAS LIZARD KINGS

5 vs 5 Forward 
   Center                   Left Wing                Right Wing               Time % Phy DF OF 
 1 Ryan Nugent-Hopkins      Johnny Gaudreau          Evan Rodrigues           36     0   2  3  
 2 Jeff Carter              Brandon Hagel            Zach Parise              31     0   2  3  
 3 Sean Monahan             Victor Olofsson          Matthew Nieto            23     5   0  0  
 4 Vladislav Namestnikov    Jordan Greenway          Karson Kuhlman           10     5   0  0  

5 vs 5 Defense 
   Defense                  Defense                                           Time % Phy DF OF 
 1 Brayden McNabb           Nick Leddy                                        36     1   2  2  
 2 Matt Roy                 John Marino                                       31     1   2  2  
 3 Ronald Attard            Nathan Beaulieu                                   23     5   0  0  
 4 Brayden McNabb           Nick Leddy                                        10     1   2  2  

PowerPlay Forward 
   Center                   Left Wing                Right Wing               Time % Phy DF OF 
 1 Ryan Nugent-Hopkins      Johnny Gaudreau          Evan Rodrigues           55     0   1  4  
 2 Jeff Carter              Brandon Hagel            Zach Parise              45     0   1  4  

PowerPlay Defense
   Defense                  Defense                                           Time % Phy DF OF 
 1 Brayden McNabb           Nick Leddy                                        55     0   1  4  
 2 Matt Roy                 John Marino                                       45     0   1  4  

Penalty Kill 4 Players Forward 
   Center                   Wing                     Time % Phy DF OF 
 1 Evan Rodrigues           Brandon Hagel            55     1   2  2  
 2 Sean Monahan             Jordan Greenway          45     1   2  2  

Penalty Kill 4 Players Defense
   Defense                  Defense                  Time % Phy DF OF 
 1 Brayden McNabb           Nick Leddy               55     1   2  2  
 2 Matt Roy                 John Marino              45     1   2  2  

Penalty Kill - 3 Players Forward 
   Forward                                           Time % Phy DF OF 
 1 Karson Kuhlman                                    55     1   2  2  
 2 Sean Monahan                                      45     1   2  2  

Penalty Kill - 3 Players Defense
   Defense                  Defense                  Time % Phy DF OF 
 1 Brayden McNabb           Nick Leddy               55     1   2  2  
 2 Matt Roy                 John Marino              45     1   2  2  

4 vs 4 Forward 
   Center                   Wing                     Time % Phy DF OF 
 1 Ryan Nugent-Hopkins      Johnny Gaudreau          55     1   2  2  
 2 Jeff Carter              Brandon Hagel            45     1   2  2  

4 vs 4 Defense
   Defense                  Defense                  Time % Phy DF OF 
 1 Brayden McNabb           Nick Leddy               55     1   2  2  
 2 Matt Roy                 John Marino              45     1   2  2  

Last Minutes Offensive
   Center                   Left Wing                Right Wing               Defense                  Defense                  
   Ryan Nugent-Hopkins      Johnny Gaudreau          Evan Rodrigues           Brayden McNabb           Nick Leddy               

Last Minutes Defensive
   Center                   Left Wing                Right Wing               Defense                  Defense                  
   Ryan Nugent-Hopkins      Johnny Gaudreau          Evan Rodrigues           Brayden McNabb           Nick Leddy               

Goaltenders
Starting : Mikko Koskinen           
Backup : Nicolas Daws             

Extra Forwards
Normal : Victor Olofsson, Sean Monahan, Vladislav Namestnikov - PP : Victor Olofsson, Sean Monahan - PK : Vladislav Namestnikov
Extra Defensemen
Normal : Ronald Attard, Nathan Beaulieu, Matt Roy - PP : Ronald Attard - PK : Nathan Beaulieu, Matt Roy
Penalty Shots
Johnny Gaudreau, Ryan Nugent-Hopkins, Jeff Carter, Brandon Hagel, Evan Rodrigues
Custom OT Lines Forwards
Johnny Gaudreau, Ryan Nugent-Hopkins, Jeff Carter, Brandon Hagel, Evan Rodrigues, Zach Parise, Victor Olofsson, Sean Monahan, Vladislav Namestnikov, Jordan Greenway
Custom OT Lines Defensemen
Brayden McNabb, Nick Leddy, Matt Roy, John Marino, Ronald Attard

Scratches
Spencer Knight (Bruised Left Foot Injury)

% Time on Ice - ANCHORAGE ACES

Lines # - Real PCT - Wanted PCT - Time Play
Normal Forward
1 - 31% - 32% - 17:17
2 - 32% - 32% - 17:40
3 - 29% - 28% - 16:27
4 - 8% - 8% - 4:38
Normal Defense
1 - 30% - 34% - 16:44
2 - 33% - 31% - 18:28
3 - 26% - 24% - 14:24
4 - 11% - 11% - 6:26
PP Forward
1 - 0% - 50%
2 - 0% - 50%
PP Defense
1 - 0% - 50%
2 - 0% - 50%
PK Forward
1 - 42% - 50% - 1:41
2 - 58% - 50% - 2:17
PK Defense
1 - 54% - 50% - 2:08
2 - 46% - 50% - 1:50
PK3 Forward
1 - 0% - 55%
2 - 0% - 45%
PK3 Defense
1 - 0% - 55%
2 - 0% - 45%
44 Forward
1 - 0% - 50%
2 - 0% - 50%
44 Defense
1 - 0% - 55%
2 - 0% - 45%
Last Minute Offensive  - 0:00
Last Minute Defensive  - 0:00
Total
Forward - 60:00
Defense - 60:00

% Time on Ice - LAS VEGAS LIZARD KINGS

Lines # - Real PCT - Wanted PCT - Time Play
Normal Forward
1 - 35% - 36% - 19:40
2 - 31% - 31% - 17:18
3 - 23% - 23% - 12:56
4 - 11% - 10% - 6:08
Normal Defense
1 - 33% - 36% - 18:31
2 - 33% - 31% - 18:21
3 - 26% - 23% - 14:50
4 - 8% - 10% - 4:20
PP Forward
1 - 72% - 55% - 2:51
2 - 28% - 45% - 1:07
PP Defense
1 - 28% - 55% - 1:07
2 - 72% - 45% - 2:51
PK Forward
1 - 0% - 55%
2 - 0% - 45%
PK Defense
1 - 0% - 55%
2 - 0% - 45%
PK3 Forward
1 - 0% - 55%
2 - 0% - 45%
PK3 Defense
1 - 0% - 55%
2 - 0% - 45%
44 Forward
1 - 0% - 55%
2 - 0% - 45%
44 Defense
1 - 0% - 55%
2 - 0% - 45%
Last Minute Offensive  - 0:00
Last Minute Defensive  - 0:00
Total
Forward - 60:00
Defense - 60:00

Play-by-Play

1st period


0:01 of 1st period - Ryan Nugent-Hopkins wins face-off versus Connor McDavid in neutral zone.
0:03 of 1st period - Johnny Gaudreau is hit by Seth Jones and loses puck.
0:10 of 1st period - Connor McDavid is hit by Evan Rodrigues and loses puck.
0:27 of 1st period - Shot by Evan Rodrigues.
0:27 of 1st period - Stopped by Brian Elliott with a rebound.
1:25 of 1st period - Shot by Zach Parise.
1:25 of 1st period - Stopped by Brian Elliott without a rebound.
1:26 of 1st period - Erik Haula wins face-off versus Sean Monahan in ANCHORAGE ACES zone.
1:44 of 1st period - Icing by Ronald Attard.
1:45 of 1st period - Joshua Norris wins face-off versus Sean Monahan in LAS VEGAS LIZARD KINGS zone.
1:46 of 1st period - Shot by Nathan MacKinnon.
1:46 of 1st period - Shot Misses the Net.
2:03 of 1st period - Shot by Chris Kreider.
2:03 of 1st period - Stopped by Mikko Koskinen without a rebound.
2:04 of 1st period - Jeff Carter wins face-off versus Patric Hornqvist in LAS VEGAS LIZARD KINGS zone.
2:34 of 1st period - Shot by Brandon Hagel.
2:34 of 1st period - Shot Misses the Net.
2:44 of 1st period - Shot by Brandon Hagel.
2:44 of 1st period - Stopped by Brian Elliott without a rebound.
2:45 of 1st period - Jordan Greenway wins face-off versus Phillip Danault in ANCHORAGE ACES zone.
3:58 of 1st period - Shot by Nathan MacKinnon.
3:58 of 1st period - Goal by Nathan MacKinnon - ANCHORAGE ACES : 1 - LAS VEGAS LIZARD KINGS : 0.
3:59 of 1st period - Erik Haula wins face-off versus Brandon Hagel in neutral zone.
4:17 of 1st period - Shot by Patric Hornqvist.
4:17 of 1st period - Deflect By Nikolaj Ehlers.
4:17 of 1st period - Goal by Nikolaj Ehlers - ANCHORAGE ACES : 2 - LAS VEGAS LIZARD KINGS : 0.
4:18 of 1st period - Connor McDavid wins face-off versus Johnny Gaudreau in neutral zone.
4:48 of 1st period - Icing by Connor McDavid.
4:49 of 1st period - Jeff Carter wins face-off versus Connor McDavid in ANCHORAGE ACES zone.
4:52 of 1st period - Shot by Brandon Hagel.
4:52 of 1st period - Goal by Brandon Hagel - ANCHORAGE ACES : 2 - LAS VEGAS LIZARD KINGS : 1.
4:53 of 1st period - Joshua Norris wins face-off versus Zach Parise in neutral zone.
7:39 of 1st period - Shot by Chris Kreider.
7:39 of 1st period - Shot Misses the Net.
7:47 of 1st period - Minor Penalty to Ryan Pulock for Holding.
7:48 of 1st period - Phillip Danault wins face-off versus Ryan Nugent-Hopkins in ANCHORAGE ACES zone.
8:01 of 1st period - Shot by Johnny Gaudreau.
8:01 of 1st period - Stopped by Brian Elliott without a rebound.
8:02 of 1st period - Phillip Danault wins face-off versus Ryan Nugent-Hopkins in ANCHORAGE ACES zone.
9:14 of 1st period - Shot by Johnny Gaudreau.
9:14 of 1st period - Shot Blocked by Phillip Danault.
10:41 of 1st period - Icing by John Marino.
10:42 of 1st period - Erik Haula wins face-off versus Sean Monahan in LAS VEGAS LIZARD KINGS zone.
10:45 of 1st period - Shot by Nikolaj Ehlers.
10:45 of 1st period - Stopped by Mikko Koskinen without a rebound.
10:46 of 1st period - Patric Hornqvist wins face-off versus Sean Monahan in LAS VEGAS LIZARD KINGS zone.
11:13 of 1st period - Shot by Sean Monahan.
11:13 of 1st period - Stopped by Brian Elliott without a rebound.
11:14 of 1st period - Ryan Nugent-Hopkins wins face-off versus Connor McDavid in ANCHORAGE ACES zone.
11:17 of 1st period - Shot by Ryan Nugent-Hopkins.
11:17 of 1st period - Goal by Ryan Nugent-Hopkins - ANCHORAGE ACES : 2 - LAS VEGAS LIZARD KINGS : 2.
11:18 of 1st period - Connor McDavid wins face-off versus Ryan Nugent-Hopkins in neutral zone.
11:23 of 1st period - Shot by Jonathan Audy-Marchessault.
11:23 of 1st period - Shot Misses the Net.
11:25 of 1st period - Shot by Phillip Danault.
11:25 of 1st period - Shot Blocked by Johnny Gaudreau.
11:27 of 1st period - Shot by Phillip Danault.
11:27 of 1st period - Shot Misses the Net.
11:53 of 1st period - Shot by Jonathan Audy-Marchessault.
11:53 of 1st period - Stopped by Mikko Koskinen without a rebound.
11:54 of 1st period - Sean Monahan wins face-off versus Erik Haula in LAS VEGAS LIZARD KINGS zone.
11:59 of 1st period - Shot by Nikolaj Ehlers.
11:59 of 1st period - Shot Misses the Net.
12:44 of 1st period - Patric Hornqvist is hit by John Marino and loses puck.
12:48 of 1st period - Icing by John Marino.
12:49 of 1st period - Jeff Carter wins face-off versus Phillip Danault in LAS VEGAS LIZARD KINGS zone.
12:55 of 1st period - Shot by Jeff Carter.
12:55 of 1st period - Shot Misses the Net.
13:11 of 1st period - Shot by Connor McDavid.
13:11 of 1st period - Stopped by Mikko Koskinen without a rebound.
13:12 of 1st period - Ryan Nugent-Hopkins wins face-off versus Joshua Norris in LAS VEGAS LIZARD KINGS zone.
14:27 of 1st period - Icing by Seth Jones.
14:28 of 1st period - Sean Monahan wins face-off versus Connor McDavid in ANCHORAGE ACES zone.
14:55 of 1st period - Shot by Sean Monahan.
14:55 of 1st period - Goal by Sean Monahan - ANCHORAGE ACES : 2 - LAS VEGAS LIZARD KINGS : 3.
14:56 of 1st period - Erik Haula wins face-off versus Vladislav Namestnikov in neutral zone.
15:31 of 1st period - Shot by Patric Hornqvist.
15:31 of 1st period - Shot Misses the Net.
15:57 of 1st period - Off-side.
15:58 of 1st period - Ryan Nugent-Hopkins wins face-off versus Joshua Norris in neutral zone.
16:43 of 1st period - Icing by Nathan MacKinnon.
16:44 of 1st period - Joshua Norris wins face-off versus Sean Monahan in ANCHORAGE ACES zone.
16:54 of 1st period - Icing by Nick Leddy.
16:55 of 1st period - Sean Monahan wins face-off versus Connor McDavid in LAS VEGAS LIZARD KINGS zone.
17:57 of 1st period - Off-side.
17:58 of 1st period - Joshua Norris wins face-off versus Ryan Nugent-Hopkins in neutral zone.
18:17 of 1st period - Icing by Matt Roy.
18:18 of 1st period - Erik Haula wins face-off versus Ryan Nugent-Hopkins in LAS VEGAS LIZARD KINGS zone.
18:45 of 1st period - Shot by Ryan Nugent-Hopkins.
18:45 of 1st period - Stopped by Brian Elliott with a rebound.
19:31 of 1st period - Jeff Carter is hit by Alex Goligoski.
Goals for this period are 2 for ANCHORAGE ACES vs 3 for LAS VEGAS LIZARD KINGS.
Shots for this period are 6 for ANCHORAGE ACES vs 9 for LAS VEGAS LIZARD KINGS.

2nd period


0:01 of 2nd period - Ryan Nugent-Hopkins wins face-off versus Phillip Danault in neutral zone.
0:30 of 2nd period - Off-side.
0:31 of 2nd period - Chris Kreider wins face-off versus Jeff Carter in neutral zone.
1:25 of 2nd period - Icing by Brandon Hagel.
1:26 of 2nd period - Connor McDavid wins face-off versus Jeff Carter in LAS VEGAS LIZARD KINGS zone.
1:30 of 2nd period - Icing by Nick Leddy.
1:31 of 2nd period - Connor McDavid wins face-off versus Jeff Carter in LAS VEGAS LIZARD KINGS zone.
2:09 of 2nd period - Shot by Jonathan Audy-Marchessault.
2:09 of 2nd period - Stopped by Mikko Koskinen without a rebound.
2:10 of 2nd period - Sean Monahan wins face-off versus Erik Haula in LAS VEGAS LIZARD KINGS zone.
2:58 of 2nd period - Off-side.
2:59 of 2nd period - Ryan Nugent-Hopkins wins face-off versus Joshua Norris in neutral zone.
3:40 of 2nd period - Shot by Ryan Nugent-Hopkins.
3:40 of 2nd period - Shot Misses the Net.
3:42 of 2nd period - Shot by Johnny Gaudreau.
3:42 of 2nd period - Shot Misses the Net.
3:44 of 2nd period - Shot by Ryan Nugent-Hopkins.
3:44 of 2nd period - Shot Misses the Net.
4:15 of 2nd period - Icing by Jeff Carter.
4:16 of 2nd period - Jeff Carter wins face-off versus Connor McDavid in LAS VEGAS LIZARD KINGS zone.
4:47 of 2nd period - Shot by Connor McDavid.
4:47 of 2nd period - Stopped by Mikko Koskinen with a rebound.
4:49 of 2nd period - Shot by Connor McDavid.
4:49 of 2nd period - Shot Hit the Post.
4:51 of 2nd period - Shot by Connor McDavid.
4:51 of 2nd period - Shot Misses the Net.
4:53 of 2nd period - Shot by Ryan Pulock.
4:53 of 2nd period - Stopped by Mikko Koskinen without a rebound.
4:54 of 2nd period - Erik Haula wins face-off versus Victor Olofsson in LAS VEGAS LIZARD KINGS zone.
4:55 of 2nd period - Shot by Nikolaj Ehlers.
4:55 of 2nd period - Deflect By Erik Haula.
4:55 of 2nd period - Shot Misses the Net.
5:03 of 2nd period - Shot by Matthew Nieto.
5:03 of 2nd period - Shot Misses the Net.
5:17 of 2nd period - Shot by Sean Monahan.
5:17 of 2nd period - Stopped by Brian Elliott without a rebound.
5:18 of 2nd period - Joshua Norris wins face-off versus Ryan Nugent-Hopkins in ANCHORAGE ACES zone.
5:45 of 2nd period - Off-side.
5:46 of 2nd period - Connor McDavid wins face-off versus Sean Monahan in neutral zone.
6:05 of 2nd period - Shot by Victor Olofsson.
6:05 of 2nd period - Shot Misses the Net.
6:19 of 2nd period - Shot by Matthew Nieto.
6:19 of 2nd period - Stopped by Brian Elliott without a rebound.
6:20 of 2nd period - Ryan Nugent-Hopkins wins face-off versus Erik Haula in ANCHORAGE ACES zone.
6:53 of 2nd period - Shot by Evan Rodrigues.
6:53 of 2nd period - Shot Misses the Net.
6:55 of 2nd period - Shot by Johnny Gaudreau.
6:55 of 2nd period - Shot Blocked by Alex Goligoski.
6:57 of 2nd period - Shot by Ryan Nugent-Hopkins.
6:57 of 2nd period - Stopped by Brian Elliott with a rebound.
7:41 of 2nd period - Jeff Carter is hit by Jani Hakanpaa and loses puck.
7:48 of 2nd period - Shot by Brandon Hagel.
7:48 of 2nd period - Stopped by Brian Elliott without a rebound.
7:49 of 2nd period - Joshua Norris wins face-off versus Sean Monahan in ANCHORAGE ACES zone.
7:49 of 2nd period - Joshua Norris is hit by Matthew Nieto.
8:05 of 2nd period - Shot by Nathan MacKinnon.
8:05 of 2nd period - Shot Blocked by Nathan Beaulieu.
8:12 of 2nd period - Nathan MacKinnon is hit by Ronald Attard and loses puck.
8:21 of 2nd period - Shot by Matthew Nieto.
8:21 of 2nd period - Deflect By Victor Olofsson.
8:21 of 2nd period - Shot Blocked by Ryan Pulock.
8:23 of 2nd period - Shot by Matthew Nieto.
8:23 of 2nd period - Deflect By Sean Monahan.
8:23 of 2nd period - Goal by Sean Monahan - ANCHORAGE ACES : 2 - LAS VEGAS LIZARD KINGS : 4.
8:23 of 2nd period - Darcy Kuemper enters game.
8:24 of 2nd period - Connor McDavid wins face-off versus Jeff Carter in neutral zone.
8:36 of 2nd period - Icing by John Klingberg.
8:37 of 2nd period - Connor McDavid wins face-off versus Evan Rodrigues in ANCHORAGE ACES zone.
8:37 of 2nd period - Jonathan Audy-Marchessault is hit by Evan Rodrigues and loses puck.
9:02 of 2nd period - Shot by Connor McDavid.
9:02 of 2nd period - Shot Misses the Net.
9:22 of 2nd period - Shot by Ryan Nugent-Hopkins.
9:22 of 2nd period - Stopped by Darcy Kuemper without a rebound.
9:23 of 2nd period - Jeff Carter wins face-off versus Joshua Norris in ANCHORAGE ACES zone.
9:26 of 2nd period - Shot by Brandon Hagel.
9:26 of 2nd period - Stopped by Darcy Kuemper without a rebound.
9:27 of 2nd period - Joshua Norris wins face-off versus Jeff Carter in ANCHORAGE ACES zone.
10:01 of 2nd period - Off-side.
10:02 of 2nd period - Phillip Danault wins face-off versus Evan Rodrigues in neutral zone.
10:09 of 2nd period - Off-side.
10:10 of 2nd period - Ryan Nugent-Hopkins wins face-off versus Connor McDavid in neutral zone.
10:23 of 2nd period - Shot by Jonathan Audy-Marchessault.
10:23 of 2nd period - Stopped by Mikko Koskinen without a rebound.
10:24 of 2nd period - Erik Haula wins face-off versus Vladislav Namestnikov in LAS VEGAS LIZARD KINGS zone.
11:24 of 2nd period - Icing by Ronald Attard.
11:25 of 2nd period - Ryan Nugent-Hopkins wins face-off versus Phillip Danault in LAS VEGAS LIZARD KINGS zone.
11:25 of 2nd period - Ryan Nugent-Hopkins is hit by Ryan Lomberg.
11:30 of 2nd period - Ryan Nugent-Hopkins is hit by Ryan Lomberg and loses puck.
11:44 of 2nd period - Evan Rodrigues is hit by Ryan Lomberg and loses puck.
11:50 of 2nd period - Johnny Gaudreau is hit by Jakob Chychrun and loses puck.
12:00 of 2nd period - Ryan Nugent-Hopkins is hit by Ryan Pulock and loses puck.
12:42 of 2nd period - Minor Penalty to Ryan Pulock for Hooking.
12:43 of 2nd period - Jeff Carter wins face-off versus Erik Haula in ANCHORAGE ACES zone.
12:53 of 2nd period - Icing by Brandon Hagel.
12:54 of 2nd period - Erik Haula wins face-off versus Jeff Carter in LAS VEGAS LIZARD KINGS zone.
13:34 of 2nd period - Shot by Zach Parise.
13:34 of 2nd period - Stopped by Darcy Kuemper with a rebound.
13:36 of 2nd period - Shot by Brandon Hagel.
13:36 of 2nd period - Stopped by Darcy Kuemper with a rebound.
13:38 of 2nd period - Shot by Zach Parise.
13:38 of 2nd period - Stopped by Darcy Kuemper without a rebound.
13:39 of 2nd period - Ryan Nugent-Hopkins wins face-off versus Ryan Lomberg in ANCHORAGE ACES zone.
14:16 of 2nd period - Shot by Johnny Gaudreau.
14:16 of 2nd period - Stopped by Darcy Kuemper with a rebound.
14:50 of 2nd period - Icing by Jakob Chychrun.
14:51 of 2nd period - Joshua Norris wins face-off versus Vladislav Namestnikov in ANCHORAGE ACES zone.
14:51 of 2nd period - Joshua Norris is hit by Jordan Greenway.
15:03 of 2nd period - Vladislav Namestnikov is hit by Chris Kreider and loses puck.
15:07 of 2nd period - Icing by Ronald Attard.
15:08 of 2nd period - Connor McDavid wins face-off versus Vladislav Namestnikov in LAS VEGAS LIZARD KINGS zone.
15:35 of 2nd period - Shot by Connor McDavid.
15:35 of 2nd period - Deflect By Jonathan Audy-Marchessault.
15:35 of 2nd period - Shot Blocked by Ronald Attard.
15:57 of 2nd period - Shot by Johnny Gaudreau.
15:57 of 2nd period - Deflect By Ryan Nugent-Hopkins.
15:57 of 2nd period - Stopped by Darcy Kuemper without a rebound.
15:58 of 2nd period - Jeff Carter wins face-off versus Joshua Norris in ANCHORAGE ACES zone.
16:02 of 2nd period - Icing by Alex Goligoski.
16:03 of 2nd period - Joshua Norris wins face-off versus Jeff Carter in ANCHORAGE ACES zone.
16:03 of 2nd period - Joshua Norris is hit by Brandon Hagel.
16:11 of 2nd period - Shot by Chris Kreider.
16:11 of 2nd period - Stopped by Mikko Koskinen without a rebound.
16:12 of 2nd period - Joshua Norris wins face-off versus Ryan Nugent-Hopkins in LAS VEGAS LIZARD KINGS zone.
16:47 of 2nd period - Shot by Ryan Nugent-Hopkins.
16:47 of 2nd period - Deflect By Johnny Gaudreau.
16:47 of 2nd period - Shot Misses the Net.
16:49 of 2nd period - Shot by Johnny Gaudreau.
16:49 of 2nd period - Shot Hit the Post.
17:13 of 2nd period - Off-side.
17:14 of 2nd period - Jeff Carter wins face-off versus Connor McDavid in neutral zone.
17:17 of 2nd period - Phillip Danault is hit by Matt Roy and loses puck.
17:23 of 2nd period - Off-side.
17:24 of 2nd period - Erik Haula wins face-off versus Sean Monahan in neutral zone.
19:26 of 2nd period - Shot by Zach Parise.
19:26 of 2nd period - Stopped by Darcy Kuemper without a rebound.
19:27 of 2nd period - Ryan Nugent-Hopkins wins face-off versus Joshua Norris in ANCHORAGE ACES zone.
19:47 of 2nd period - Shot by Joshua Norris.
19:47 of 2nd period - Shot Blocked by Johnny Gaudreau.
19:55 of 2nd period - Shot by Chris Kreider.
19:55 of 2nd period - Deflect By Joshua Norris.
19:55 of 2nd period - Shot Misses the Net.
19:57 of 2nd period - Shot by Joshua Norris.
19:57 of 2nd period - Stopped by Mikko Koskinen without a rebound.
19:58 of 2nd period - Erik Haula wins face-off versus Jeff Carter in LAS VEGAS LIZARD KINGS zone.
Goals for this period are 0 for ANCHORAGE ACES vs 1 for LAS VEGAS LIZARD KINGS.
Shots for this period are 6 for ANCHORAGE ACES vs 13 for LAS VEGAS LIZARD KINGS.

3rd period


0:01 of 3rd period - Erik Haula wins face-off versus Jeff Carter in neutral zone.
1:09 of 3rd period - Icing by Chris Kreider.
1:10 of 3rd period - Joshua Norris wins face-off versus Sean Monahan in ANCHORAGE ACES zone.
1:34 of 3rd period - Off-side.
1:35 of 3rd period - Ryan Nugent-Hopkins wins face-off versus Connor McDavid in neutral zone.
2:15 of 3rd period - Shot by Jonathan Audy-Marchessault.
2:15 of 3rd period - Stopped by Mikko Koskinen without a rebound.
2:16 of 3rd period - Nathan MacKinnon wins face-off versus Jeff Carter in LAS VEGAS LIZARD KINGS zone.
2:41 of 3rd period - Shot by Joshua Norris.
2:41 of 3rd period - Stopped by Mikko Koskinen without a rebound.
2:42 of 3rd period - Patric Hornqvist wins face-off versus Sean Monahan in LAS VEGAS LIZARD KINGS zone.
2:45 of 3rd period - Shot by Nikolaj Ehlers.
2:45 of 3rd period - Shot Misses the Net.
2:47 of 3rd period - Shot by Erik Haula.
2:47 of 3rd period - Shot Misses the Net.
2:49 of 3rd period - Shot by Erik Haula.
2:49 of 3rd period - Shot Blocked by Ronald Attard.
4:00 of 3rd period - Icing by Brayden McNabb.
4:01 of 3rd period - Jeff Carter wins face-off versus Joshua Norris in LAS VEGAS LIZARD KINGS zone.
4:01 of 3rd period - Brandon Hagel is hit by Nathan MacKinnon.
4:04 of 3rd period - Jeff Carter is hit by Ryan Pulock and loses puck.
4:08 of 3rd period - Icing by Nathan MacKinnon.
4:09 of 3rd period - Ryan Nugent-Hopkins wins face-off versus Joshua Norris in ANCHORAGE ACES zone.
4:09 of 3rd period - Ryan Nugent-Hopkins is hit by Ryan Pulock.
4:11 of 3rd period - Shot by Johnny Gaudreau.
4:11 of 3rd period - Shot Misses the Net.
4:14 of 3rd period - Icing by Jakob Chychrun.
4:15 of 3rd period - Chris Kreider wins face-off versus Ryan Nugent-Hopkins in ANCHORAGE ACES zone.
4:19 of 3rd period - Nathan MacKinnon is hit by Ryan Nugent-Hopkins and loses puck.
4:26 of 3rd period - Icing by Ryan Pulock.
4:27 of 3rd period - Jeff Carter wins face-off versus Joshua Norris in ANCHORAGE ACES zone.
4:27 of 3rd period - Jeff Carter is hit by Jakob Chychrun.
5:14 of 3rd period - Shot by Joshua Norris.
5:14 of 3rd period - Shot Blocked by Brandon Hagel.
5:27 of 3rd period - Icing by John Marino.
5:28 of 3rd period - Jeff Carter wins face-off versus Connor McDavid in LAS VEGAS LIZARD KINGS zone.
5:57 of 3rd period - Shot by Connor McDavid.
5:57 of 3rd period - Shot Misses the Net.
6:05 of 3rd period - Shot by Connor McDavid.
6:05 of 3rd period - Stopped by Mikko Koskinen without a rebound.
6:06 of 3rd period - Erik Haula wins face-off versus Vladislav Namestnikov in LAS VEGAS LIZARD KINGS zone.
6:21 of 3rd period - Shot by Jordan Greenway.
6:21 of 3rd period - Shot Blocked by Nikolaj Ehlers.
6:23 of 3rd period - Shot by Nathan Beaulieu.
6:23 of 3rd period - Stopped by Darcy Kuemper without a rebound.
6:24 of 3rd period - Joshua Norris wins face-off versus Ryan Nugent-Hopkins in ANCHORAGE ACES zone.
7:05 of 3rd period - Shot by Chris Kreider.
7:05 of 3rd period - Stopped by Mikko Koskinen without a rebound.
7:06 of 3rd period - Jeff Carter wins face-off versus Connor McDavid in LAS VEGAS LIZARD KINGS zone.
7:13 of 3rd period - Shot by Jeff Carter.
7:13 of 3rd period - Shot Blocked by Alex Goligoski.
7:26 of 3rd period - Shot by Jonathan Audy-Marchessault.
7:26 of 3rd period - Stopped by Mikko Koskinen without a rebound.
7:27 of 3rd period - Erik Haula wins face-off versus Sean Monahan in LAS VEGAS LIZARD KINGS zone.
7:40 of 3rd period - Shot by Matthew Nieto.
7:40 of 3rd period - Stopped by Darcy Kuemper without a rebound.
7:41 of 3rd period - Connor McDavid wins face-off versus Ryan Nugent-Hopkins in ANCHORAGE ACES zone.
7:50 of 3rd period - Shot by Phillip Danault.
7:50 of 3rd period - Shot Misses the Net.
8:03 of 3rd period - Icing by Ryan Nugent-Hopkins.
8:04 of 3rd period - Erik Haula wins face-off versus Ryan Nugent-Hopkins in LAS VEGAS LIZARD KINGS zone.
9:05 of 3rd period - Icing by Brayden McNabb.
9:06 of 3rd period - Ryan Nugent-Hopkins wins face-off versus Connor McDavid in LAS VEGAS LIZARD KINGS zone.
9:49 of 3rd period - Shot by Connor McDavid.
9:49 of 3rd period - Stopped by Mikko Koskinen without a rebound.
9:50 of 3rd period - Joshua Norris wins face-off versus Sean Monahan in LAS VEGAS LIZARD KINGS zone.
10:39 of 3rd period - Shot by Chris Kreider.
10:39 of 3rd period - Stopped by Mikko Koskinen without a rebound.
10:40 of 3rd period - Jeff Carter wins face-off versus Erik Haula in LAS VEGAS LIZARD KINGS zone.
10:40 of 3rd period - Jeff Carter is hit by Patric Hornqvist.
11:12 of 3rd period - Shot by Brandon Hagel.
11:12 of 3rd period - Shot Misses the Net.
11:14 of 3rd period - Shot by Matt Roy.
11:14 of 3rd period - Shot Misses the Net.
11:35 of 3rd period - Off-side.
11:36 of 3rd period - Connor McDavid wins face-off versus Ryan Nugent-Hopkins in neutral zone.
11:54 of 3rd period - Shot by Phillip Danault.
11:54 of 3rd period - Shot Misses the Net.
11:56 of 3rd period - Shot by Jonathan Audy-Marchessault.
11:56 of 3rd period - Deflect By Connor McDavid.
11:56 of 3rd period - Stopped by Mikko Koskinen without a rebound.
11:57 of 3rd period - Joshua Norris wins face-off versus Vladislav Namestnikov in LAS VEGAS LIZARD KINGS zone.
11:58 of 3rd period - Shot by Nathan MacKinnon.
11:58 of 3rd period - Shot Misses the Net.
12:12 of 3rd period - Shot by Jordan Greenway.
12:12 of 3rd period - Stopped by Darcy Kuemper without a rebound.
12:13 of 3rd period - Evan Rodrigues wins face-off versus Phillip Danault in ANCHORAGE ACES zone.
12:23 of 3rd period - Phillip Danault is hit by Brayden McNabb and loses puck.
12:45 of 3rd period - Shot by Ryan Lomberg.
12:45 of 3rd period - Stopped by Mikko Koskinen without a rebound.
12:46 of 3rd period - Joshua Norris wins face-off versus Jeff Carter in LAS VEGAS LIZARD KINGS zone.
12:57 of 3rd period - Shot by Joshua Norris.
12:57 of 3rd period - Stopped by Mikko Koskinen without a rebound.
12:58 of 3rd period - Sean Monahan wins face-off versus Erik Haula in LAS VEGAS LIZARD KINGS zone.
13:46 of 3rd period - Icing by Jakob Chychrun.
13:47 of 3rd period - Erik Haula wins face-off versus Jeff Carter in ANCHORAGE ACES zone.
14:10 of 3rd period - Shot by Jeff Carter.
14:10 of 3rd period - Stopped by Darcy Kuemper without a rebound.
14:11 of 3rd period - Ryan Nugent-Hopkins wins face-off versus Connor McDavid in ANCHORAGE ACES zone.
14:53 of 3rd period - Johnny Gaudreau is hit by Alex Goligoski and loses puck.
14:56 of 3rd period - Shot by Evan Rodrigues.
14:56 of 3rd period - Deflect By Ryan Nugent-Hopkins.
14:56 of 3rd period - Stopped by Darcy Kuemper with a rebound.
15:29 of 3rd period - Shot by Brandon Hagel.
15:29 of 3rd period - Stopped by Darcy Kuemper with a rebound.
15:31 of 3rd period - Shot by Nick Leddy.
15:31 of 3rd period - Goal by Nick Leddy - ANCHORAGE ACES : 2 - LAS VEGAS LIZARD KINGS : 5.
15:32 of 3rd period - Joshua Norris wins face-off versus Vladislav Namestnikov in neutral zone.
16:48 of 3rd period - Off-side.
16:49 of 3rd period - Ryan Nugent-Hopkins wins face-off versus Phillip Danault in neutral zone.
17:10 of 3rd period - Shot by Ryan Nugent-Hopkins.
17:10 of 3rd period - Shot Hit the Post.
17:12 of 3rd period - Shot by Johnny Gaudreau.
17:12 of 3rd period - Shot Misses the Net.
17:14 of 3rd period - Shot by Johnny Gaudreau.
17:14 of 3rd period - Stopped by Darcy Kuemper with a rebound.
17:43 of 3rd period - Phillip Danault is hit by John Marino and loses puck.
18:39 of 3rd period - Chris Kreider is hit by Matt Roy and loses puck.
19:09 of 3rd period - Off-side.
19:10 of 3rd period - Connor McDavid wins face-off versus Ryan Nugent-Hopkins in neutral zone.
19:23 of 3rd period - Shot by Ryan Nugent-Hopkins.
19:23 of 3rd period - Stopped by Darcy Kuemper without a rebound.
19:24 of 3rd period - Erik Haula wins face-off versus Sean Monahan in ANCHORAGE ACES zone.
19:31 of 3rd period - Shot by Patric Hornqvist.
19:31 of 3rd period - Stopped by Mikko Koskinen with a rebound.
19:54 of 3rd period - Icing by Ronald Attard.
19:55 of 3rd period - Sean Monahan wins face-off versus Connor McDavid in LAS VEGAS LIZARD KINGS zone.
Goals for this period are 0 for ANCHORAGE ACES vs 1 for LAS VEGAS LIZARD KINGS.
Shots for this period are 11 for ANCHORAGE ACES vs 9 for LAS VEGAS LIZARD KINGS.


AUSTON
MATTHEWS
JOEL
ERIKSSON
MATHEW
BARZAL

EAST COAST

HOCKEY LEAGUE

  • 21.PIT7MAN3
  • 22.ATL3NHW4
  • 23.WOR5PET4
  • 24.3RHI4
  • 25.QUECHI
  • 26.CHALIM
  • 27.TRVLON
  • 28.CHWBAL